 Dungeon Crawl Stone Soup version 0.25-a0-663-gace7076f2c (webtiles) character file.

Game seed: 4363830797316845254, levelgen mode: deterministic

164 Esekla the Stinger (level 5, -6/33 HPs)
             Began as an Octopode Venom Mage on Mar 26, 2020.
             Mangled by a gnoll
             ... wielding a +0 long sword
              (11 damage)
             ... on level 3 of the Dungeon.
             The game lasted 00:14:39 (2640 turns).

Esekla the Stinger (Octopode Venom Mage)            Turns: 2640, Time: 00:14:39

Health: -6/33      AC:  1    Str:  8    XL:     5   Next: 45%
Magic:  2/9        EV: 14    Int: 18    God:
Gold:   166        SH:  0    Dex: 12    Spells: 3/9 levels left

rFire    . . .     SeeInvis +   g - +1 dagger (venom)
rCold    . . .     Gourm    .   (no shield)
rNeg     . . .     Faith    .   (helmet restricted)
rPois    .         Spirit   .   (no amulet)
rElec    .         Reflect  .   f - ring of see invisible
rCorr    .         Harm     .   (no ring)
MR       .....                  (no ring)
Stlth    +++.......             (no ring)
HPRegen  0.11/turn              (no ring)
MPRegen  0.11/turn              (no ring)
                                (no ring)
                                (no ring)

@: no status effects
A: almost no armour, stealthy swim, amphibious, 8 rings, constrict 8, camouflage
1, gelatinous body 1
a: no special abilities


You were on level 3 of the Dungeon.
You were not hungry.

You visited 1 branch of the dungeon, and saw 4 of its levels.

You collected 166 gold pieces.

Inventory:

Hand Weapons
 c - a +0 dagger of electrocution
 g - a +1 dagger of venom (weapon)
 o - a +0 hunting sling of flaming
 q - a +5 dagger
Missiles
 i - 10 poisoned darts (quivered)
Jewellery
 f - a ring of see invisible (left tentacle)
Scrolls
 a - 2 scrolls of amnesia {unknown}
 d - 2 scrolls of identify {unknown}
 e - 2 scrolls of remove curse {unknown}
 k - a scroll of magic mapping {unknown}
 p - a scroll of fear {unknown}
Potions
 h - a potion of invisibility {unknown}
 j - a potion of might {unknown}
 l - a potion of mutation {unknown}
 m - a potion of heal wounds {unknown}
 n - 2 potions of curing {unknown}
Comestibles
 b - 11 rations
 r - 3 chunks of flesh


   Skills:
 * Level 1.4 Fighting
 * Level 1.3 Short Blades
 * Level 2.7 Dodging
 + Level 3.4 Stealth
 * Level 2.8 Spellcasting
 * Level 1.1 Conjurations
 - Level 1.0 Transmutations
 * Level 1.0 Air Magic
 + Level 4.4 Poison Magic


You had 3 spell levels left.
You knew the following spells:

 Your Spells              Type           Power        Failure   Level  Hunger
a - Sting                 Tmut/Pois      ##..         5%          1    None
c - Mephitic Cloud        Conj/Pois/Air  ##......     21%         3    ###....
v - Poisonous Vapours     Pois/Air       ##....       9%          2    ##.....

Your spell library contained the following spells:

 Spells                   Type           Power        Failure   Level  Hunger
 Ignite Poison            Fire/Tmut/Pois #.......     24%         3    ###....
 Olgreb's Toxic Radiance  Pois           ###.....     26%         4    ####...


Dungeon Overview and Level Annotations

Branches:
Dungeon (4/15)
 Temple: D:4-7

Altars:
Ashenzari
Makhleb
Uskayaw
Xom
Yredelemnul


Innate Abilities, Weirdness & Mutations

You cannot wear most types of armour.
You are very stealthy in the water. (Stealth+)
You are amphibious.
You can wear up to eight rings at the same time.
You can use your tentacles to constrict eight enemies at once.
Your skin changes colour to match your surroundings (Stealth+).
Your rubbery body absorbs attacks. (AC +1, EV +1)


Message History

Things that are here:
a +0 hunting sling; a +0 dagger; 13 stones
There is a stone staircase leading down here.
You climb downwards.
An iguana, a gnoll and a skeleton come into view.
Found a rapier, a scroll labeled JINTYBLEDGH and 21 sling bullets.
Found a stone staircase leading down and a stone staircase leading up.
There is a stone staircase leading up here. 2 gnolls come into view.
The gnoll shouts! x3; You hear a shout!
The iguana hisses angrily.
A gnoll comes into view. It is wielding a +0 flail.
The gnoll hits you with a +0 spear. The gnoll barely misses you.
Unknown command.
The gnoll misses you.
There is a stone staircase leading up here.
The gnoll hits you from afar with a +0 spear!
* * * LOW HITPOINT WARNING * * *
You climb upwards.
The gnoll hits you with a +0 long sword!
You die...

# . ##############.... ..
#......).(.....# .#
#.######..###########.#
#..####........#
###>######(.............#
........g@g..###........#
....###.#(..............#
# #.##.#.###........#
#.##.#.# #........#
######### #........##
##...#...######.#.#..)
##.........### #.#.####
#_...........###)#.#
##....o....#..)..#.#


You could see 2 gnolls.

Vanquished Creatures
  Jessica (D:2)
  A gnoll (D:3)
  5 adders
  2 oozes
  2 worms (D:2)
  3 dart slugs (D:1)
  A leopard gecko (D:1)
  5 orcs
  9 goblins
  7 hobgoblins
  4 jackals (D:2)
  7 kobolds
  A quokka (D:2)
  A ball python (D:2)
  A bat (D:2)
  2 frilled lizards
  7 rats
59 creatures vanquished.

Notes
Turn   | Place    | Note
-------+----------+-------------------------------------------
     0 | D:1      | Esekla the Octopode Venom Mage began the quest for the Orb.
     0 | D:1      | Reached XP level 1. HP: 11/11 MP: 3/3
   177 | D:1      | Reached XP level 2. HP: 18/18 MP: 5/5
   238 | D:1      | Learned a level 2 spell: Poisonous Vapours
   468 | D:1      | Reached skill level 4 in Poison Magic
   923 | D:2      | Noticed Jessica
  1074 | D:1      | Reached XP level 3. HP: 18/22 MP: 0/6
  1081 | D:1      | Learned a level 3 spell: Mephitic Cloud
  1133 | D:2      | Killed Jessica
  1133 | D:2      | Reached skill level 1 in Fighting
  1158 | D:2      | Found a burning altar of Makhleb.
  1242 | D:2      | Reached XP level 4. HP: 27/28 MP: 4/7
  1807 | D:2      | Found a hide-covered altar of Uskayaw.
  1875 | D:2      | Found a shimmering altar of Xom.
  1876 | D:2      | Found a basalt altar of Yredelemnul.
  2115 | D:2      | Reached skill level 1 in Short Blades
  2115 | D:2      | Reached XP level 5. HP: 26/33 MP: 8/8
  2403 | D:3      | Found a shattered altar of Ashenzari.
  2417 | D:3      | Reached skill level 1 in Conjurations
  2556 | D:3      | Reached skill level 1 in Air Magic
  2640 | D:3      | Mangled by a gnoll

Levels and vault maps discovered:
D:1:      lightli_arrival_lavapool, layout_basic, serial_park_tiny_1,
          minmay_tripent
D:2:      layout_basic, lemuel_crystal_altar,
          gammafunk_temple_overflow_forgotten, hangedman_feature_mirror,
          uniq_jessica
D:3:      layout_loops_ring, marbit_many_paths, uniq_grinder
D:4:      layout_rooms, lemuel_round_altar, serial_shops, shop

Skill      XL: |  1  2  3  4  5 |
---------------+----------------+-----
Stealth        | 3 |  3.4
Poison Magic   | 4 |  4.4
Fighting       | 1 |  1.4
Short Blades   | 1 |  1.3
Conjurations   | 1 |  1.1
Air Magic      | 1 |  1.0
Dodging        | |  2.7
Spellcasting   | |  2.8
Transmutations | |  1.0

Action                   |  1- 3 |  4- 6 || total
-------------------------+-------+-------++-------
Melee: Dagger            |    32 |    80 ||   112
       Constrict         |    10 |    15 ||    25
       Tentacles         |     6 |     7 ||    13
       Unarmed           |     1 |       ||     1
Throw: Dart              |       |     1 ||     1
 Cast: Sting             |     6 |       ||     6
       Poisonous Vapours |     9 |    19 ||    28
 Stab: Sleeping          |       |     5 ||     5
  Eat: Chunk             |     1 |     6 ||     7
Armor: Skin              |     3 |     6 ||     9
Dodge: Dodged            |    23 |    46 ||    69

Table legend:
 A = Non-vault XP
 B = Vault XP
 C = Vault XP percentage of total XP
 D = Non-vault monster count
 E = Vault monster count
 F = Vault count percentage of total count
                 A         B        C        D         E       F
            +---------+---------+-------+---------+---------+-------
      Total |     191 |      44 |  18.7 |      56 |       3 |   5.1
            +---------+---------+-------+---------+---------+-------
        D:1 |      25 |       7 |  21.9 |      12 |       2 |  14.3
        D:2 |     101 |      37 |  26.8 |      26 |       1 |   3.7
        D:3 |      65 |       0 |   0.0 |      18 |       0 |   0.0
            +---------+---------+-------+---------+---------+-------
